 Seeded DCSS version 0.31-a0-564-g3b7de120b3 (webtiles) character file.

Game seed: 16161720884980326079 (custom seed)

142 innerfire43 the Changeling (level 5, -15/37 HPs)
             Began as a Djinni Shapeshifter on Aug 17, 2023.
             Was a Believer of Jiyva.
             Demolished by Crazy Yiuf
             ... wielding a +2 quarterstaff of chaos
              (16 damage)
             ... on level 2 of the Dungeon.
             The game lasted 00:01:54 (1146 turns).

innerfire43 the Changeling (Djinni Shapeshifter)    Turns: 1146, Time: 00:01:55

Health: -15/37     AC:  2    Str: 14    XL:     5   Next: 49%
Gold:   71         EV: 12    Int: 11    God:    Jiyva [**....] SH:  0 Dex: 14

rFire   + +          .
                       - Unarmed
rCold   x . .        (no shield)
rNeg    . . .        a - +0 animal skin
rPois   ∞            (helmet currently unavailable)
rElec   .            (cloak currently unavailable)
rCorr   +            (gloves currently unavailable)
SInv    .            (boots unavailable)
Will    .....        (no amulet)
Stlth   +            (no ring)
HPRegen 1.22/turn    (no ring)
MPRegen 0.00/turn

%: infuse magic (-16 HP)
@: beast-form, flying
A: beast (slay +3), flying, sickness immunity, fire resistance 2, cold
vulnerability 1, float, innate caster, HP casting, extra vitality 1
a: Begin Untransformation, Renounce Religion


You were on level 2 of the Dungeon.
You worshipped Jiyva.
Jiyva was pleased with you.
You were a hulking beast.
You visited 1 branch of the dungeon, and saw 2 of its levels.

You collected 71 gold pieces.

Inventory:

Hand Weapons
 l - a +4 club
Missiles
 o - a throwing net
Armour
 a - a +0 animal skin (worn)
 m - the +2 helmet "Paunutas" {rC- Will++ Dex+4 SInv}
   (You took it off Robin on level 2 of the Dungeon)

   Dex+4:     It affects your dexterity (+4).
   rC-:       It makes you vulnerable to cold.
   Will++:    It greatly increases your willpower.
   SInv:      It lets you see invisible.
Jewellery
 n - an amulet of guardian spirit
Talismans
 c - a beast talisman (active)
 d - a flux talisman
Scrolls
 e - a scroll of brand weapon {unknown}
 g - 2 scrolls of silence {unknown}
 k - a scroll of fog {unknown}
Potions
 b - a potion of lignification
 f - a potion of heal wounds {unknown}
 h - a potion of haste {unknown}
 i - a potion of ambrosia {unknown}
 j - a potion of attraction {unknown}


   Skills:
 - Level 1.0 Fighting
 - Level 2.1 Dodging
 - Level 3.0 Unarmed Combat
 + Level 4.6 Shapeshifting


You knew the following spells:

 Your Spells              Type           Power      Damage    Failure   Level
a - Magic Dart            Conj           0%         1d3       34%         1
b - Searing Ray           Conj           0%         2d4       47%         2
Your spell library was empty.

Dungeon Overview and Level Annotations

Branches:
Dungeon (2/15)

Altars:
Jiyva

Annotations:
D:2 Crazy Yiuf


Innate Abilities, Weirdness & Mutations

You are a hulking beast.
Your limbs bulge with bestial killing power. (Slay +3)
You are flying.
You are immune to sickness and miasma.
You are immune to poison.
Your flesh is very heat resistant. (rF++)
You are vulnerable to cold. (rC-)
You float through the air rather than walking.
You learn spells naturally, not from books.
Your magical power is your life essence.
You have superior vitality. (+4 MHP)


Message History

You swap places.
Crazy Yiuf hits the jelly with a +2 quarterstaff of chaos!
The jelly dies!
Crazy Yiuf hits the jelly with a +2 quarterstaff of chaos!
Crazy Yiuf is burned by acid!
The jelly hits Crazy Yiuf but does no damage.
Jiyva gurgles merrily.
Crazy Yiuf hits the jelly with a +2 quarterstaff of chaos!
Crazy Yiuf freezes the jelly.
The jelly dies!
Crazy Yiuf cries, "Key sanguine song!"
You hit Crazy Yiuf.
Crazy Yiuf is moderately wounded.
Crazy Yiuf hits you with a +2 quarterstaff of chaos!
You hit Crazy Yiuf.
Crazy Yiuf is moderately wounded.
Crazy Yiuf says, "Crazy?
Crazy!?
PORCUPINE!"
Crazy Yiuf hits you with a +2 quarterstaff of chaos.
You barely miss Crazy Yiuf.
Crazy Yiuf is moderately wounded.
Crazy Yiuf barely misses you.
Unknown command.
You hit Crazy Yiuf.
Crazy Yiuf is heavily wounded.
Crazy Yiuf hits you with a +2 quarterstaff of chaos!
Crazy Yiuf freezes you!
* * * LOW HITPOINT WARNING * * *
Crazy Yiuf attacks as you move away! Crazy Yiuf closely misses you.
You closely miss Crazy Yiuf.
Crazy Yiuf is heavily wounded.
Crazy Yiuf barely misses you.
You barely miss Crazy Yiuf.
Crazy Yiuf is heavily wounded.
Crazy Yiuf hits you with a +2 quarterstaff of chaos!
* * * LOW HITPOINT WARNING * * *
Crazy Yiuf burns you.
* * * LOW HITPOINT WARNING * * *
Crazy Yiuf attacks as you move away!
Crazy Yiuf hits you with a +2 quarterstaff of chaos!
You die...

##....# ####.J##.....
#####.# #............
#...#'###.#####..####
#.#....##.### ##..##
#.+....'....# ##..##
####..####..# ##...
#....# #..# ####
♣....♣ #..# #..
♣♣hP.♣ #..# #.) ♣♣g♣♣
#..# #.. ♣♣.♣ ####
#.. ♣.♣♣ #.. ♣♣.♣ #..
♣.♣♣ ### #'# ...
#...#


You could see Crazy Yiuf.

Vanquished Creatures
  Jessica (D:2)
  Terence (D:2)
  Robin (D:2)
  3 adders (D:2)
  3 worms (D:2)
  A dart slug (D:1)
  An endoplasm (D:1)
  A giant cockroach (D:2)
  13 goblins (D:2)
  7 hobgoblins
  6 kobolds
  A quokka (D:1)
  A ball python (D:2)
  A frilled lizard (D:1)
  2 rats (D:2)
43 creatures vanquished.

Vanquished Creatures (others)
  2 jellies (D:2)
2 creatures vanquished.

Grand Total: 45 creatures vanquished

Notes
Turn   | Place    | Note
-------+----------+-------------------------------------------
     0 | D:1      | innerfire43 the Djinni Shapeshifter began the quest for the
                  | Orb.
     0 | D:1      | Reached XP level 1. HP: 17/17 MP: 0/0
   102 | D:1      | Found a faded altar of an unknown god.
   122 | D:1      | Reached skill level 3 in Shapeshifting
   122 | D:1      | Reached XP level 2. HP: 22/22 MP: 0/0
   123 | D:1      | Prayed at the altar of an unknown god.
   123 | D:1      | Became a worshipper of Jiyva Jialiude the Shapeless
   123 | D:1      | Reached * piety under Jiyva
   527 | D:2      | Reached XP level 3. HP: 27/27 MP: 0/0
   527 | D:2      | Learned a level 1 spell: Magic Dart
   580 | D:2      | Noticed Terence
   594 | D:2      | Killed Terence
   595 | D:2      | Reached XP level 4. HP: 25/32 MP: 0/0
   652 | D:2      | Reached skill level 4 in Shapeshifting
   670 | D:2      | Found a runed translucent door.
   671 | D:2      | Noticed Crazy Yiuf
   730 | D:2      | Reached ** piety under Jiyva
   796 | D:2      | Identified the +2 helmet "Paunutas" {rC- Will++ Dex+4 SInv}
   796 | D:2      | Noticed Robin
   901 | D:2      | Killed Robin
   932 | D:2      | Reached XP level 5. HP: 37/37 MP: 0/0
   932 | D:2      | Learned a level 2 spell: Searing Ray
  1032 | D:2      | Noticed Jessica
  1035 | D:2      | Killed Jessica
  1145 | D:2      | HP: 1/37 [Crazy Yiuf/+2 quarterstaff of chaos (1)]
  1146 | D:2      | Demolished by Crazy Yiuf

Illustrated notes

Levels and vault maps discovered:
D:1:      nzn_arrival_settlement, layout_rooms,
          shapermc_ecumenical_altar_starsandcircs
D:2:      layout_basic, feat_on_display, uniq_jessica, uniq_robin,
          uniq_crazy_yiuf_cottage, uniq_terence

Skill      XL: |  1  2  3  4 |
---------------+-------------+-----
Shapeshifting  | 3 4 |  4.6
Fighting       | |  1.0
Dodging        | |  2.1
Unarmed Combat | |  3.0

Action                     |  1- 3 |  4- 6 || total
---------------------------+-------+-------++-------
  Melee: Unarmed           |    56 |    78 ||   134
         Punch             |     1 |     1 ||     2
   Stab: Sleeping          |     1 |       ||     1
 Armour: Animal skin       |     6 |     4 ||    10
  Dodge: Dodged            |    24 |    42 ||    66

Table legend: (Time is in decaauts)
 A = Elapsed time spent in this place.
 B = Non-inter-level travel time spent in this place.
 C = Inter-level travel time spent in this place.
 D = Time resting spent in this place.
 E = Time spent auto-exploring this place.
 F = Levels seen in this place.
 G = Mean time per level.
                   A        B        C        D        E       F      G
               +--------+--------+--------+--------+--------+-----+--------+
         Total |   1138 |   1104 |     34 |      0 |    805 |   2 |  569.0 |
       Dungeon |   1138 |   1104 |     34 |      0 |    805 |   2 |  569.0 |
               +--------+--------+--------+--------+--------+-----+--------+

Top non-repeatable levels by time:
     D:2: 643 daAuts
     D:1: 495 daAuts
